 Dungeon Crawl Stone Soup version 0.16-a0-1885-g0f03bb0 (console) character file.

6657 Fusha the Prestidigitator (level 11, -7/75 (79) HPs)
             Began as a Formicid Wanderer on Nov 6, 2014.
             Was an Elder of Nemelex Xobeh.
             Mangled by a black mamba (15 damage)
             ... on level 1 of the Lair of Beasts.
             The game lasted 01:52:31 (18449 turns).

Fusha the Prestidigitator (Formicid Wanderer)      Turns: 18449, Time: 01:52:32

HP:   -7/75 (79)    AC: 12    Str: 18    XL:     11   Next: 22%
MP:   24/26         EV:  9    Int: 13    God:    Nemelex Xobeh [****..]
Gold: 224           SH:  5    Dex: 14    Spells: 1 memorised, 9 levels left

rFire  . . .     SeeInvis +     o - +3 dagger (freeze)
rCold  . . .     Clarity  .     a - +2 scale mail
rNeg   . . .     SustAb   .     Z - +0 buckler
rPois  +         Gourm    .     (helmet unavailable)
rElec  .         Spirit   .     (no cloak)
rCorr  .         Warding  .     H - +0 pair of gloves
rMut   +         Stasis   +     Q - +0 pair of boots {Stlth+}
MR     +....                    N - amulet of resist mutation
Stlth  ++++......               y - ring of poison resistance
                                J - cursed +3 ring of dexterity

@: somewhat resistant to hostile enchantments, stealthy
A: permanent stasis, dig shafts and tunnels, four strong arms, antennae 3
a: Dig, Shaft Self, Triple Draw, Deal Four, Renounce Religion


You were on level 1 of the Lair of Beasts.
You worshipped Nemelex Xobeh.
Nemelex Xobeh was greatly pleased with you.
You were not hungry.

You visited 2 branches of the dungeon, and saw 12 of its levels.

You collected 466 gold pieces.
You spent 242 gold pieces at shops.

Inventory:

Hand weapons
 o - a +3 dagger of freezing (weapon)
Missiles
 g - 6 javelins (quivered)
 q - 155 stones
 S - a throwing net
Armour
 a - a +2 scale mail (worn)
 H - a +0 pair of gloves (worn)
 Q - a +0 pair of boots of stealth (worn)
 Z - a +0 buckler (worn)
Jewellery
 p - an uncursed ring of stealth
 y - a ring of poison resistance (right hand)
 J - a cursed +3 ring of dexterity (left hand)
 N - an amulet of resist mutation (around neck)
 U - an uncursed ring of fire
Magical devices
 i - a wand of lightning (0)
 u - a wand of slowing (8)
 A - a wand of fire (5)
 F - a wand of disintegration (0)
 T - a wand of slowing (11)
 W - a wand of fire (0)
Scrolls
 l - 2 scrolls of magic mapping
 n - a scroll of enchant weapon
 C - 4 scrolls of remove curse
 D - 2 scrolls of noise
 L - 4 scrolls of fear
 M - 2 scrolls of fog
 P - a scroll of vulnerability {unknown}
 Y - a scroll of summoning {unknown}
Potions
 b - a potion of beneficial mutation {unknown}
 c - a potion of restore abilities {unknown}
 e - a potion of cancellation {unknown}
 r - a potion of might
 s - a potion of resistance
 t - a potion of degeneration {unknown}
 x - a potion of porridge
 K - 2 potions of brilliance
Books
 j - a book of Maledictions

   Spells                             Type                      Level
   Corona                             Hexes                        1
   Sure Blade                         Hexes/Charms                 2
   Ensorcelled Hibernation            Hexes/Ice                    2
   Confuse                            Hexes                        3
   Dazzling Spray                     Conjuration/Hexes            3
   Enslavement                        Hexes                        4
 k - a book of Flames

   Spells                             Type                      Level
   Flame Tongue                       Conjuration/Fire             1
   Throw Flame                        Conjuration/Fire             2
   Conjure Flame                      Conjuration/Fire             3
   Inner Flame                        Hexes/Fire                   3
   Sticky Flame                       Conjuration/Fire             4
   Fireball                           Conjuration/Fire             5
Miscellaneous
 d - a plain deck of escape {drawn: 6}
 m - a plain deck of war {drawn: 1}
Comestibles
 f - 10 bread rations
 h - 6 beef jerkies


   Skills:
 - Level 5.0 Fighting
 - Level 5.9(6.1) Short Blades
   Level 2.0(4.2) Long Blades
   Level 1.0 Crossbows
 - Level 1.0 Throwing
 - Level 6.1 Armour
 + Level 5.6 Dodging
 + Level 9.1 Stealth
 * Level 4.1 Shields
 - Level 2.3 Necromancy
 * Level 10.6 Evocations


You had 9 spell levels left.
You knew the following spells:

 Your Spells              Type           Power        Failure   Level  Hunger
a - Animate Skeleton      Necr           N/A          28%         1    ##.....


Dungeon Overview and Level Annotations

Branches:
Dungeon (10/15)            Temple (0/1) D:4            Lair (2/8) D:10
    Orc: D:9-12

Altars:
Ashenzari
Cheibriados
Elyvilon
Fedhas
Gozag
Nemelex Xobeh
Ru
Sif Muna
Trog
Vehumet
Xom
Yredelemnul
Zin

Shops:
D:6 *[}

Annotations:
D:5 stuff behind ice, gold behind stone
D:8 Blork the orc


Innate Abilities, Weirdness & Mutations

You are under a permanent stasis effect.
You can dig through walls and to a lower floor.
Your four strong arms can wield two-handed weapons with a shield.
You have a pair of large antennae on your head (SInv).


Message History

The black mamba is no longer moving slowly.
Your adder skeleton closely misses the hound.
You barely miss the black mamba.
The black mamba is moderately wounded.
The black mamba bites you!
* * * LOW HITPOINT WARNING * * *
The black mamba barely misses you.
Casting: Animate Skeleton
Confirm with . or Enter, or press ? or * to list all spells.
Okay, then.
Use which ability? (? or * to list) Triple draw from which deck? (? for menu, Esc to quit)
You draw... (choose one card, ? for their descriptions)
A - the Shaft B - Swap
C - the Shaft Your stasis keeps you stable.
You feel somewhat more hungry.
Your adder skeleton bites the hound.
The black mamba bites you!
You die...
Your body glows slightly and disappears.

#.# ### #..###..# #..##.#.##
#.#### #..##..P# #.##..>..#
#....# #...##.## #...##..##
###P.# #..###.# ##...#Z..# ##.#
#>.# #.###...#.#(.##### #.# #..#
#................#
####.#####..#######...#.######.#
..............######...## #.#
####.........ZhS@.....## #.#
###.######.###P######## #.#
...........# ### ##.#
.########### #.Z# ## ##.## ###
#Z.# ###.###.## #..Z.Z..#
#.#######


You could see a black mamba, a hound and a friendly adder skeleton.

Vanquished Creatures
  The ghost of Mulzaro the Basher, an experienced GrGl of Makhleb (D:6)
  Eustachio (D:6)
  A troll (D:9)
  A two-headed ogre (D:9)
  A basilisk (D:8)
  A deep elf mage (D:9)
  A human (D:8)
  4 wolves (Lair:1)
  A water moccasin (D:8)
  2 porcupines (Lair:1)
  5 orc warriors
  A phantom (D:8)
  A sky beast (D:9)
  4 black bears
  2 centaurs
  2 ice beasts (D:9)
  A slave (D:6)
  3 ogres
  A crocodile (Lair:1)
  A big kobold (D:8)
  6 giant frogs
  A wight (D:8)
  3 scorpions
  6 killer bees (D:9)
  A troll skeleton (D:7)
  2 quasits (D:6)
  5 hounds
  A crimson imp (D:7)
  A goliath beetle (D:7)
  A soldier ant zombie (D:9)
  5 orc priests
  5 jellies
  5 worker ants
  9 orc wizards
  2 iguanas
  6 sheep (Lair:1)
  2 hound skeletons
  A mummy (D:9)
  16 adders
  A gnoll (D:6)
  2 green rats (D:6)
  An orc zombie (D:5)
  2 shadow imps
  A giant mite (D:4)
  3 worms
  4 adder zombies
  3 adder skeletons
  5 giant geckos
  An ooze (D:3)
  45 orcs
  20 bats
  A bat skeleton (D:4)
  3 giant cockroaches
  13 goblins
  25 hobgoblins
  10 jackals
  24 kobolds
  6 quokkas
  5 giant newts
  A giant spore (D:9)
  A goblin skeleton (D:8)
  A goblin zombie (D:8)
  A hobgoblin skeleton (D:9)
  2 kobold zombies
  A quokka skeleton (D:8)
  11 rats
  16 ballistomycetes (D:9)
  A butterfly (D:3)
  2 plants
325 creatures vanquished.

Vanquished Creatures (collateral kills)
  Pikel (D:5)
  A komodo dragon (Lair:1)
  A hog (D:8)
  An ice beast (D:8)
  A sky beast (D:9)
  A centaur (D:8)
  A crimson imp (D:5)
  An orc wizard (D:9)
  A sheep (Lair:1)
  4 orcs
  15 ballistomycetes (D:9)
28 creatures vanquished.

Vanquished Creatures (others)
  A slave (D:6)
  An orc warrior (D:7)
  2 insubstantial wisps (D:5)
  A troll zombie (D:9)
  A hound (D:7)
  A bat (D:6)
  A goblin (D:6)
  A hobgoblin (D:7)
  An elf skeleton (D:9)
  2 giant frog skeletons
  5 giant spores (D:9)
  6 orc skeletons
  A porcupine skeleton (Lair:1)
  2 quokka skeletons (Lair:1)
  A rat (D:7)
  A two-headed ogre skeleton (D:9)
  2 wolf skeletons (Lair:1)
  2 ballistomycetes (D:9)
32 creatures vanquished.

Grand Total: 385 creatures vanquished

Notes
Turn   | Place    | Note
--------------------------------------------------------------
     0 | D:1      | Fusha, the Formicid Wanderer, began the quest for the Orb.
     0 | D:1      | Reached XP level 1. HP: 16/16 MP: 1/1
   179 | D:1      | Found a sparkling altar of Nemelex Xobeh.
   196 | D:1      | Reached XP level 2. HP: 20/23 MP: 3/3
   536 | D:1      | Became a worshipper of Nemelex Xobeh the Trickster
   705 | D:1      | Received a gift from Nemelex Xobeh
   999 | D:1      | Reached XP level 3. HP: 25/28 MP: 4/4
  1034 | D:1      | Reached skill level 3 in Fighting
  1758 | D:2      | Found a radiant altar of Vehumet.
  1954 | D:2      | Reached skill level 1 in Evocations
  1954 | D:2      | Reached XP level 4. HP: 10/35 MP: 5/5
  2269 | D:2      | Found an opulent altar of Gozag.
  2854 | D:3      | Reached XP level 5. HP: 15/41 MP: 8/8
  3052 | D:3      | Found a shimmering altar of Xom.
  3780 | D:3      | Received a gift from Nemelex Xobeh
  3815 | D:3      | Reached skill level 1 in Short Blades
  3841 | D:3      | Reached XP level 6. HP: 29/47 MP: 10/10
  3977 | D:3      | Found a blossoming altar of Fedhas.
  4242 | D:4      | Found a sacrificial altar of Ru.
  4303 | D:4      | Found a staircase to the Ecumenical Temple.
  4980 | D:4      | Received a gift from Nemelex Xobeh
  5497 | D:4      | Found a snail-covered altar of Cheibriados.
  5498 | D:4      | Found a white marble altar of Elyvilon.
  5529 | D:4      | Reached skill level 4 in Stealth
  5606 | D:5      | Entered Level 5 of the Dungeon
  5689 | D:5      | Reached XP level 7. HP: 52/52 MP: 12/12
  5812 | D:5      | Found a shattered altar of Ashenzari.
  6011 | D:5      | Got an ancient robe
  7403 | D:5      | Found a glowing silver altar of Zin.
  7973 | D:6      | Found Fabask's Gadget Boutique.
  8170 | D:6      | Noticed Mulzaro's ghost (experienced GrGl)
  8494 | D:6      | Acquired Nemelex Xobeh's first power
  8494 | D:6      | Received a gift from Nemelex Xobeh
  8494 | D:6      | Noticed Pikel
  8544 | D:5      | Killed Pikel
  8544 | D:5      | Reached skill level 5 in Armour
  8544 | D:5      | Reached skill level 5 in Stealth
  8544 | D:5      | Reached XP level 8. HP: 41/56 MP: 14/16
  8879 | D:6      | Found Cietinia's General Store.
  8886 | D:6      | Bought a scroll of fog for 28 gold pieces
  8886 | D:6      | Bought 3 scrolls of identify for 84 gold pieces
  8925 | D:6      | Found Iwog's Antique Armour Shoppe.
  8932 | D:6      | Bought a pair of glowing boots for 130 gold pieces
  9022 | D:6      | Reached skill level 5 in Evocations
  9382 | D:7      | Received a gift from Nemelex Xobeh
  9382 | D:7      | Received a gift from Nemelex Xobeh
  9548 | D:7      | Reached XP level 9. HP: 28/62 MP: 19/19
  9832 | D:7      | Reached skill level 5 in Fighting
  9832 | D:7      | Reached skill level 6 in Evocations
 10078 | D:7      | Found a shimmering altar of Xom.
 10084 | D:7      | Learned a level 1 spell: Animate Skeleton
 10403 | D:8      | Found a basalt altar of Yredelemnul.
 10429 | D:8      | Reached skill level 1 in Necromancy
 10450 | D:8      | Acquired Nemelex Xobeh's second power
 10885 | D:8      | Reached skill level 7 in Evocations
 11558 | D:8      | Noticed Blork the orc
 11564 | D:8      | Found a deep blue altar of Sif Muna.
 12371 | D:8      | Reached XP level 10. HP: 5/70 MP: 22/22
 12809 | D:6      | Noticed Eustachio
 12855 | D:6      | Killed Eustachio
 12855 | D:6      | Reached skill level 8 in Evocations
 12997 | D:6      | Found Iwog's Antique Armour Shoppe.
 13097 | D:6      | Killed Mulzaro's ghost
 13097 | D:6      | Reached skill level 5 in Short Blades
 13591 | D:9      | Found a bloodstained altar of Trog.
 13607 | D:9      | Found a bloodstained altar of Trog.
 13643 | D:9      | Reached skill level 5 in Dodging
 13885 | D:9      | Reached skill level 9 in Evocations
 13918 | D:9      | HP: 3/70 [poisoned by a killer bee]
 13925 | D:9      | HP: 2/70 [poisoned by a killer bee]
 13932 | D:9      | HP: 1/70 [poisoned by a killer bee]
 13940 | D:9      | HP: 1/70 [poisoned by a killer bee]
 15907 | D:9      | Received a gift from Nemelex Xobeh
 16311 | D:9      | Reached skill level 1 in Shields
 16311 | D:9      | Reached skill level 10 in Evocations
 16399 | D:9      | Received a gift from Nemelex Xobeh
 16509 | D:9      | Noticed a troll
 16518 | D:9      | Killed a troll
 16518 | D:9      | Reached XP level 11. HP: 54/75 MP: 25/25
 17059 | D:10     | Entered Level 10 of the Dungeon
 17060 | D:10     | Noticed a hill giant
 17267 | D:10     | Found a staircase to the Lair.
 17326 | Lair:1   | Entered Level 1 of the Lair of Beasts
 17535 | Lair:1   | Received a gift from Nemelex Xobeh
 18449 | Lair:1   | Mangled by a black mamba

Action                   |  1- 3 |  4- 6 |  7- 9 | 10-12 || total
-------------------------+-------+-------+-------+-------++-------
Melee: Club              |    96 |       |       |       ||    96
       Dagger            |   164 |   620 |   883 |   781 ||  2448
Throw: Javelin           |       |       |       |     5 ||     5
 Cast: Animate Skeleton  |       |       |       |    16 ||    16
Invok: Triple Draw       |       |       |     3 |     4 ||     7
 Abil: Dig               |       |     2 |     2 |       ||     4
Evoke: Deck              |       |     2 |    35 |     9 ||    46
       Wand              |       |       |    14 |    30 ||    44
  Use: Potion            |     1 |       |     8 |       ||     9
       Scroll            |       |    11 |     9 |     2 ||    22
 Stab: Sleeping          |     1 |     4 |     5 |     8 ||    18
       Invisible         |       |       |     2 |       ||     2
       Distracted        |       |       |     1 |     4 ||     5
       Confused          |       |       |       |     1 ||     1
  Eat: Fruit             |     4 |       |     1 |       ||     5
       Pizza             |     1 |       |     1 |       ||     2
       Chunk             |     3 |    13 |    14 |    18 ||    48
       Meat ration       |       |       |     1 |       ||     1
       Beef jerky        |       |       |     1 |     2 ||     3
       Royal jelly       |       |       |       |     1 ||     1
